 Dungeon Crawl Stone Soup version 0.22.1-5-g62c59d9 (webtiles) character file.

830 whitewolfNL the Basher (level 7, -10/62 HPs)
             Began as a Minotaur Berserker on Jan 8, 2019.
             Was a Priest of Trog.
             Killed from afar by Ijyb (19 damage)
             ... with a wand of acid (5)
             ... on level 5 of the Dungeon.
             The game lasted 00:16:05 (4378 turns).

whitewolfNL the Basher (Minotaur Berserker)         Turns: 4378, Time: 00:16:05

Health: -10/62     AC: 11    Str: 21    XL:     7   Next: 65%
Magic:  6/6        EV:  7    Int:  5    God:    Trog [***...]
Gold:   218        SH:  0    Dex: 11    Spells: 6/6 levels left

rFire    . . .     SeeInvis .   p - +0 morningstar
rCold    . . .     Gourm    .   (no shield)
rNeg     . . .     Faith    .   z - +0 plate armour
rPois    .         Spirit   .   (helmet restricted)
rElec    .         Reflect  .   n - +0 cloak
rCorr    .         Harm     .   (no gloves)
MR       .....     Rnd*Tele +   (no boots)
Stlth    ..........             (no amulet)
HPRegen  0.20/turn              k - +2 ring of protection
MPRegen  0.10/turn              A - ring of teleportation (curse)

@: corroded, berserk cooldown, slowed, very slow
A: retaliatory headbutt, horns 2
a: Berserk, Trog's Hand, Renounce Religion


You were on level 5 of the Dungeon.
You worshipped Trog.
Trog was most pleased with you.
You were hungry.

You visited 1 branch of the dungeon, and saw 5 of its levels.

You collected 218 gold pieces.

Inventory:

Hand Weapons
 p - a +0 morningstar (weapon)
 C - a +2 shortbow of freezing
Missiles
 d - 58 poisoned needles
 f - 42 sling bullets
 i - 143 stones (quivered)
 o - 69 bolts
 q - 83 arrows
Armour
 n - a +0 cloak (worn)
 z - a +0 plate armour (worn)
Jewellery
 k - a +2 ring of protection (left hand)
 A - a cursed ring of teleportation (right hand)
Scrolls
 b - 2 scrolls of fog
 e - a scroll of immolation {unknown}
 h - 2 scrolls of remove curse {unknown}
 m - 2 scrolls of magic mapping
 r - 3 scrolls of enchant armour
 s - a scroll of amnesia {unknown}
 v - a scroll of teleportation {unknown}
 y - a scroll of fear {unknown}
Potions
 a - a potion of might {unknown}
 g - a potion of haste {unknown}
 j - a potion of brilliance {unknown}
 l - a potion of curing {unknown}
 t - a potion of lignification {unknown}
 u - 2 potions of berserk rage {unknown}
 x - a potion of degeneration {unknown}
 B - a potion of mutation {unknown}
 D - 2 potions of magic {unknown}
Comestibles
 c - 10 rations


   Skills:
 + Level 5.6 Fighting
 * Level 8.3 Maces & Flails
 * Level 1.6 Bows
 - Level 2.0 Throwing
 + Level 4.2 Armour
 * Level 3.0 Dodging


You had 6 spell levels left.
You didn't know any spells.
Your spell library was empty.

Dungeon Overview and Level Annotations

Branches:
Dungeon (5/15)
 Temple: D:4-7

Altars:
Cheibriados
Fedhas

Annotations:
D:5 Ijyb


Innate Abilities, Weirdness & Mutations

You reflexively headbutt those who attack you in melee.
You have a pair of horns on your head.


Message History

The jackal bites you but does no damage.
Ijyb zaps a wand.
The bolt of acid hits you! The acid corrodes you!
You are splashed with acid!
The acid burns!
* * * LOW HITPOINT WARNING * * *
It is a wand of acid (5).
As you read the scroll of fog, it crumbles to dust.
The scroll dissolves into smoke.
The jackal barely misses you. You furiously retaliate!
You headbutt the jackal, but do no damage.
The jackal bites you but does no damage.
The adder skeleton barely misses you. The jackal barely misses you.
Ijyb hits you but does no damage. The jackal closely misses you.
The adder skeleton bites you but does no damage.
The jackal bites you but does no damage. x2
Ijyb hits you but does no damage.
The jackal bites you but does no damage.
The jackal closely misses you. You furiously retaliate!
You headbutt the jackal, but do no damage.
Ijyb zaps a wand.
The bolt of acid hits you!
You die...

#......<..# .
#.........##........
#.........##.......#
#.........#........#
#..................#
##.......###.......###
#.........##..§§§....#
#.........##.§h§§..#
#...........$@hZ§..##.##
#.........#.§§gh§.......
#.........##§§§§§.....#.
##.......###.§§§........
##.....## #...h........
####### #..........##
#..........#
#..........#
#..........#


You could see Ijyb, 3 jackals and an adder skeleton.

Vanquished Creatures
  The ghost of Tengumon the Cudgeler, an amateur TeMo of Makhleb (D:4)
  Menkaure (D:5)
  A centaur (D:4)
  A howler monkey (D:4)
  3 orc priests
  An orc wizard (D:4)
  2 hounds (D:4)
  A jelly (D:5)
  An iguana (D:4)
  A worker ant (D:4)
  4 adders
  A worm (D:2)
  6 dart slugs
  3 leopard geckos
  17 orcs
  3 giant cockroaches
  4 goblins
  9 hobgoblins
  6 jackals
  9 kobolds
  A quokka (D:2)
  9 bats
  5 frilled lizards
  13 rats
103 creatures vanquished.

Notes
Turn   | Place    | Note
-------+----------+-------------------------------------------
     0 | D:1      | whitewolfNL the Minotaur Berserker began the quest for the
                  | Orb.
     0 | D:1      | Reached XP level 1. HP: 19/19 MP: 0/0
   221 | D:1      | Reached skill level 4 in Maces & Flails
   223 | D:1      | Reached XP level 2. HP: 26/27 MP: 1/1
   526 | D:1      | Reached XP level 3. HP: 29/33 MP: 2/2
   967 | D:2      | Reached ** piety under Trog
   997 | D:2      | Found a snail-covered altar of Cheibriados.
  1820 | D:2      | Reached skill level 1 in Throwing
  1882 | D:3      | Reached skill level 5 in Maces & Flails
  1882 | D:3      | Reached XP level 4. HP: 41/41 MP: 3/3
  2223 | D:3      | Reached XP level 5. HP: 18/47 MP: 4/4
  2766 | D:4      | Reached skill level 6 in Maces & Flails
  3203 | D:4      | Found a blossoming altar of Fedhas.
  3208 | D:4      | Noticed a centaur
  3224 | D:4      | Killed a centaur
  3224 | D:4      | Reached XP level 6. HP: 17/53 MP: 5/5
  3670 | D:4      | Reached skill level 5 in Fighting
  3689 | D:4      | Reached *** piety under Trog
  3689 | D:4      | Reached skill level 7 in Maces & Flails
  3962 | D:4      | Found a runed door.
  3962 | D:4      | Noticed Tengumon's ghost (amateur TeMo)
  3979 | D:4      | Killed Tengumon's ghost
  3979 | D:4      | Reached skill level 1 in Bows
  3979 | D:4      | Reached XP level 7. HP: 53/61 MP: 6/6
  4351 | D:5      | Entered Level 5 of the Dungeon
  4361 | D:5      | Reached skill level 8 in Maces & Flails
  4363 | D:5      | Noticed Menkaure
  4366 | D:5      | Noticed Ijyb
  4370 | D:5      | Killed Menkaure
  4378 | D:5      | Killed from afar by Ijyb

Skill      XL: |  1  2  3  4  5  6  7 |
---------------+----------------------+-----
Maces & Flails | 4 5 6 7 8 |  8.3
Fighting       | 4 5 |  5.6
Throwing       | 1 2 |  2.0
Armour         | 3 4 |  4.2
Bows           | 1 |  1.6
Dodging        | 3 |  3.0

Action                   |  1- 3 |  4- 6 |  7- 9 || total
-------------------------+-------+-------+-------++-------
Melee: Mace              |    94 |    27 |       ||   121
       Headbutt          |    18 |    18 |     5 ||    41
       Flail             |       |    74 |       ||    74
       Morningstar       |       |    10 |    17 ||    27
Invok: Berserk           |     1 |     4 |     1 ||     6
  Use: Scroll            |       |       |     4 ||     4
  Eat: Chunk             |     2 |    12 |     2 ||    16
Armor: Animal skin       |     7 |       |       ||     7
       Ring mail         |    21 |       |       ||    21
       Chain mail        |    24 |    21 |       ||    45
       Plate armour      |       |    54 |    32 ||    86
Dodge: Dodged            |    58 |    41 |    11 ||   110
